 Dungeon Crawl Stone Soup version 0.19-a0-45-g2c295ea (webtiles) character file.

112 namelastname112 the Digger (level 4, -3/36 HPs)
             Began as a Draconian Earth Elementalist on May 5, 2016.
             Slain by an orc priest
             ... wielding a +0 hand axe
              (8 damage)
             ... on level 2 of the Dungeon.
             The game lasted 00:03:18 (2507 turns).

namelastname112 the Digger (DrEE)                   Turns: 2507, Time: 00:03:19

Health: -3/36      AC:  5    Str: 10      XL:     4   Next: 64%
Magic:  0/8        EV: 13    Int: 14 (16) God:
Gold:   133        SH:  0    Dex: 15 (16) Spells: 2 memorised, 4 levels left

rFire  . . .     SeeInvis .     a - 74 stones
rCold  . . .     Gourm    .     (armour unavailable)
rNeg   . . .     Faith    .     (no shield)
rPois  .         Spirit   .     (helmet restricted)
rElec  .         Dismiss  .     (no cloak)
rCorr  .         Reflect  .     (no gloves)
SustAt .         Harm     .     (no boots)
MR     .....                    (no amulet)
Stlth  ++........               (no ring)
                                q - +4 ring of dexterity

@: very slightly contaminated, not resistant to hostile enchantments, unstealthy
A: unfitting armour, cold-blooded, AC +5
a: no special abilities


You were on level 2 of the Dungeon.
You were very hungry.

You visited 1 branch of the dungeon, and saw 3 of its levels.

You collected 133 gold pieces.

Inventory:

Hand Weapons
 k - a +0 short sword
Missiles
 a - 74 stones (in hand)
Jewellery
 q - a +4 ring of dexterity (left hand)
Scrolls
 d - 2 scrolls of enchant weapon {unknown}
 f - 2 scrolls of random uselessness {unknown}
 l - a scroll of remove curse {unknown}
 m - a scroll of blinking {unknown}
 n - a scroll of identify {unknown}
 r - a scroll of noise {unknown}
Potions
 e - 2 potions of curing
 g - a potion of degeneration
 h - a potion of agility {unknown}
 i - a potion of might {unknown}
 j - a potion of flight {unknown}
 o - a potion of mutation {unknown}
 s - a potion of berserk rage {unknown}
Books
 b - a book of Geomancy

   Spells                             Type                      Level
   a - Sandblast                      Earth                        1
   b - Passwall                       Transmutation/Earth          2
   c - Stone Arrow                    Conjuration/Earth            3
   d - Petrify                        Transmutation/Earth          4
   e - Lee's Rapid Deconstruction     Earth                        5
Comestibles
 c - 2 bread rations
 p - 3 meat rations


   Skills:
 + Level 2.1 Fighting
 + Level 2.5 Dodging
 - Level 1.7 Stealth
 + Level 2.9 Spellcasting
 * Level 1.9 Conjurations
   Level 1.0 Transmutations
 - Level 3.0 Earth Magic


You had 4 spell levels left.
You knew the following spells:

 Your Spells              Type           Power        Failure   Level  Hunger
a - Stone Arrow           Conj/Erth      #.....       24%         3    ###....
z - Sandblast             Erth           ##....       10%         1    #......


Dungeon Overview and Level Annotations

Branches:
Dungeon (3/15)

Altars:
Elyvilon
Nemelex Xobeh
Trog
Zin


Innate Abilities, Weirdness & Mutations

Your plain brown scales are hard (AC +5).
Your body does not fit into most forms of armour.
You are cold-blooded and may be slowed by cold attacks.


Message History

The orc priest invokes the aid of Beogh against you.
You barely resist.
You now have 2/8 mp.
Casting: Sandblast
Confirm with . or Enter, or press ? or * to list all spells.
Aiming: Sandblast
Press: ? - help, Shift-Dir - straight line, f/p - orc priest
Aim: an orc priest, wielding a hand axe and wearing a ring mail (moderately wounded)
The rocky blast hits the orc priest.
The orc priest is moderately wounded.
The orc priest barely misses you.
You now have 1/8 mp.
Casting: Sandblast
Confirm with . or Enter, or press ? or * to list all spells.
Aiming: Sandblast
Press: ? - help, Shift-Dir - straight line, f/p - orc priest
Aim: an orc priest, wielding a hand axe and wearing a ring mail (moderately wounded)
The rocky blast misses the orc priest.
The orc priest hits you with a hand axe!
You die...

#.##.##.# #...# #.# #
#.##.##.# #...# ####.#####
#.##.##.######...# #.......##
##.......##......##
#.##.##.#. ..........#.######
#.##.##.#. #####.....#.##
#.##<..... #........##
######........#
#..÷..#...#####.........†#.##
#.....#.#...@o..###......##..
###.###...####### #.##.#.#.#.
#.# #......# #.##.#...##
#.########.# #....#.....
#....# ###.### #..###.####
####.# #.....# #..###.# #.#
#.....# #..[...# #####.#
#.....# ##.##### #.....#
#...>.# #.####


You could see an orc priest.

Vanquished Creatures
  3 adders (D:2)
  2 oozes (D:3)
  2 worms (D:2)
  A dart slug (D:1)
  5 giant geckos
  7 orcs
  3 giant cockroaches (D:2)
  5 goblins
  2 hobgoblins
  4 jackals (D:1)
  3 quokkas
  7 bats
  2 giant newts
  4 kobolds (D:2)
  7 rats
57 creatures vanquished.

Notes
Turn   | Place    | Note
--------------------------------------------------------------
     0 | D:1      | namelastname112 the Draconian Earth Elementalist began the quest for the Orb.
     0 | D:1      | Reached XP level 1. HP: 14/14 MP: 3/3
    64 | D:1      | Reached skill level 1 in Fighting
   194 | D:1      | Reached XP level 2. HP: 15/23 MP: 5/5
   749 | D:2      | Reached XP level 3. HP: 17/28 MP: 3/6
   757 | D:2      | Learned a level 3 spell: Stone Arrow
   761 | D:2      | Found a sparkling altar of Nemelex Xobeh.
   781 | D:2      | HP: 1/28 [goblin (3)]
  1063 | D:2      | Found a glowing silver altar of Zin.
  1531 | D:2      | Reached skill level 1 in Conjurations
  1531 | D:2      | Reached XP level 4. HP: 36/36 MP: 5/8
  1964 | D:3      | Found a white marble altar of Elyvilon.
  2010 | D:3      | Noticed an ice beast
  2341 | D:3      | Found a bloodstained altar of Trog.
  2507 | D:2      | Slain by an orc priest

Vault maps used:
D:1:      enne_arrival_octagon_isle
D:2:      lemuel_doored_altar, nemelex_xobeh_ov_fountains_minmay,
          minmay_misc_feat_square
D:3:      nicolae_overflow_crystal_walls, elyvilon_altar_5, first_bread,
          hex_medium, kennysheep_generic_room_9

Skill      XL: |  1  2  3 |
---------------+----------+-----
Fighting       | 1 2 |  2.1
Dodging        | 2 |  2.5
Conjurations   | 1 |  1.9
Stealth        | |  1.7
Spellcasting   | |  2.9
Transmutations | |  1.0
Earth Magic    | |  3.0

Action                   |  1- 3 |  4- 6 || total
-------------------------+-------+-------++-------
Melee: Unarmed           |   104 |       ||   104
       Tailslap          |     8 |     7 ||    15
       Short sword       |    45 |    74 ||   119
 Cast: Sandblast         |    35 |    23 ||    58
  Use: Potion            |     2 |       ||     2
 Stab: Sleeping          |     1 |     3 ||     4
  Eat: Chunk             |     2 |     3 ||     5
Armor: Skin              |    74 |    28 ||   102
Dodge: Dodged            |   129 |    69 ||   198
